 Dungeon Crawl Stone Soup version 0.29.0-11-gd7f09526c8 (webtiles) character file.

Game seed: 12955369216952318281

160 VictoriousLee the Digger (level 5, 0/31 HPs)
             Began as an Octopode Earth Elementalist on Sept 4, 2022.
             Killed by divine providence
             ... invoked by an orc priest
              (14 damage)
             ... on level 3 of the Dungeon.
             The game lasted 00:12:33 (2730 turns).

VictoriousLee the Digger (OpEE)                     Turns: 2730, Time: 00:12:34

Health: 0/31       AC:  1    Str:  7    XL:     5   Next: 41%
Magic:  6/8        EV: 13    Int: 20    God:
Gold:   100        SH:  0    Dex: 12    Spells: 5/8 levels left

rFire   . . .      SeeInvis .   a - +1 dagger (speed)
rCold   . . .      Faith    .   (no shield)
rNeg    . . .      Spirit   .   (helmet restricted)
rPois   .          Reflect  .   i - amulet of the acrobat
rElec   .          Harm     .   (no ring)
rCorr   .          Rampage  .   (no ring)
Will    .....                   (no ring)
Stlth   ++........              (no ring)
HPRegen 0.10/turn               (no ring)
MPRegen 0.11/turn               (no ring)
                                (no ring)
                                (no ring)

@: confused
A: almost no armour, amphibious, 8 rings, camouflage 1, gelatinous body 1,
(nimble swimmer 1), tentacles
a: no special abilities


You were on level 3 of the Dungeon.
You visited 1 branch of the dungeon, and saw 3 of its levels.

You collected 100 gold pieces.

Inventory:

Hand Weapons
 a - a +1 dagger of speed (weapon)
 b - a +2 dagger of venom
 j - a +0 rapier of holy wrath
 w - a +0 sling
Missiles
 l - 4 atropa-tipped darts
Magical Staves
 k - a staff of cold
Jewellery
 i - an amulet of the acrobat (around mantle)
Scrolls
 c - 2 scrolls of teleportation {unknown}
 d - a scroll of torment {unknown}
 e - 4 scrolls of identify {unknown}
 f - a scroll of fog {unknown}
 h - a scroll of vulnerability {unknown}
 m - a scroll of enchant weapon {unknown}
 o - a scroll of summoning {unknown}
 p - a scroll of amnesia {unknown}
 q - a scroll of fear {unknown}
 s - a scroll of immolation {unknown}
 t - a scroll of brand weapon {unknown}
Potions
 g - a potion of magic
 n - a potion of haste {unknown}
 r - 2 potions of attraction {unknown}
 u - a potion of cancellation {unknown}


   Skills:
 - Level 2.0 Dodging
 - Level 2.6 Stealth
 - Level 2.0 Spellcasting
 - Level 1.0 Transmutations
 + Level 5.9 Earth Magic


You had 5 spell levels left.
You knew the following spells:

 Your Spells              Type           Power      Damage    Failure   Level
a - Sandblast             Erth           50%        2d12      1%          1
p - Passwall              Tmut/Erth      12%        N/A       6%          2

Your spell library contained the following spells:

 Spells                   Type           Power      Damage    Failure   Level
 Stone Arrow              Conj/Erth      26%        3d8       14%         3
 Petrify                  Tmut/Erth      15%        N/A       36%         4


Dungeon Overview and Level Annotations

Branches:
Dungeon (3/15)

Altars:


Innate Abilities, Weirdness & Mutations

You cannot wear most types of armour.
You are amphibious.
You can wear up to eight rings at the same time.
Your skin changes colour to match your surroundings (Stealth+).
Your rubbery body absorbs attacks. (AC +1, EV +1)
((You are camouflaged when in or above water. (Stealth+)))
You have tentacles for arms and can constrict up to eight enemies at once.


Message History

Press: ? - help, Q - select action, (/) - cycle Shift-Dir - straight line, f - orc
Aim: an orc, wielding a +0 trident and wearing a +0 plate armour (90% to hit)
The blast of sand hits the orc but does no damage.
Aiming: Sandblast (safe; 1% risk of failure)
Press: ? - help, Q - select action, (/) - cycle Shift-Dir - straight line, f/p - orc
Aim: an orc, wielding a +0 trident and wearing a +0 plate armour (90% to hit)
The blast of sand hits the orc!
You kill the orc!
The orc throws a boomerang.
The boomerang hits you.
Aiming: Sandblast (safe; 1% risk of failure)
Press: ? - help, Q - select action, (/) - cycle Shift-Dir - straight line, f - orc
Aim: an orc, wielding a +0 flail and quivering boomerangs (83% to hit)
The blast of sand hits the orc!!
You kill the orc!
A magic dart appears from out of thin air!
The magic dart hits you!
Aiming: Sandblast (safe; 1% risk of failure)
Press: ? - help, Q - select action, (/) - cycle Shift-Dir - straight line, f - you
Okay, then.
Aiming: Sandblast (safe; 1% risk of failure)
Press: ? - help, Q - select action, (/) - cycle Shift-Dir - straight line, f - orc priest
Aim: an orc priest, wielding a +0 club (83% to hit)
Out of range.
Okay, then.
The orc priest casts a cantrip, but nothing happens.
Aiming: Sandblast (safe; 1% risk of failure)
Press: ? - help, Q - select action, (/) - cycle Shift-Dir - straight line, f - orc
Aim: an orc, wielding a +0 mace and wearing a +0 leather armour (83% to hit)
The blast of sand hits something.
You hear some strange, mumbled words.
You are confused.
Okay, then.
Sorry, you're not good enough to have a special ability.
You're too confused to move!
Something hits you.
You hit the orc but do no damage.
You hear some strange, mumbled words.
Something tries to affect you, but you resist.
The orc priest mumbles some strange prayers to Beogh against you.
Beogh smites you!
You die...

.......# ####...........#
.......###### #........).....##
........#...# #.#.........<..##
........#.#.### #.#............##
......).#.#...###.##.........####
............#.##..#...#..........
.......####.#..<..#...#..........
..........#....#......#..........
###..........)..@..##.#..........
###.....#.#.oo#................
##.#.......###....รท...######..
#....#.#....##................
###..#.#>...#.##........########
#....######.#{##........# .
#.#.......#.#o##........# .#
#.#######.#.#.##........# #
#....# #.#o########### #


You could see an orc priest and an orc.

Vanquished Creatures
  Terence (D:2)
  4 gnolls
  3 adders
  2 worms (D:2)
  A dart slug (D:2)
  2 orcs (D:3)
  3 ball pythons
  7 endoplasms
  4 giant cockroaches
  4 hobgoblins
  4 jackals (D:1)
  10 kobolds
  4 bats
  4 goblins
  4 rats
57 creatures vanquished.

Notes
Turn   | Place    | Note
-------+----------+-------------------------------------------
     0 | D:1      | VictoriousLee the Octopode Earth Elementalist began the
                  | quest for the Orb.
     0 | D:1      | Reached XP level 1. HP: 11/11 MP: 3/3
   104 | D:1      | Reached XP level 2. HP: 11/17 MP: 1/5
   389 | D:1      | Learned a level 2 spell: Passwall
   418 | D:1      | Reached skill level 4 in Earth Magic
   418 | D:1      | Reached XP level 3. HP: 21/21 MP: 2/6
   616 | D:1      | Found a faded altar of an unknown god.
  1140 | D:2      | Reached XP level 4. HP: 16/27 MP: 5/7
  1382 | D:2      | Reached skill level 5 in Earth Magic
  1659 | D:2      | Noticed Terence
  1666 | D:2      | Killed Terence
  1667 | D:2      | Reached XP level 5. HP: 31/31 MP: 4/8
  2730 | D:3      | Killed from afar by an orc priest

Illustrated notes

Levels and vault maps discovered:
D:1:      heliophobic_arrival_glass_houses, layout_rooms,
          shapermc_ecumenical_altar_notcrosses, minmay_surrounded
D:2:      layout_basic, uniq_terence
D:3:      layout_basic

Skill      XL: |  1  2  3  4 |
---------------+-------------+-----
Earth Magic    | 4 5 |  5.9
Dodging        | |  2.0
Stealth        | |  2.6
Spellcasting   | |  2.0
Transmutations | |  1.0

Action                   |  1- 3 |  4- 6 || total
-------------------------+-------+-------++-------
Melee: Dagger            |    34 |    20 ||    54
       Constrict         |    10 |     6 ||    16
       Tentacles         |     3 |     4 ||     7
 Cast: Sandblast         |    25 |    29 ||    54
 Stab: Sleeping          |     1 |       ||     1
       Distracted        |       |     1 ||     1
Armor: Skin              |     5 |     1 ||     6
Dodge: Dodged            |    31 |     7 ||    38
